 Dungeon Crawl Stone Soup version 0.28-a0-1167-g616b1c6417 (webtiles) character file.

Game seed: 12843427414867337524

6 LadyOphelia the Chopper (level 1, 16/20 HPs)
             Began as a Hill Orc Berserker on Dec 16, 2021.
             Was a Follower of Trog.
             Quit the game on level 1 of the Dungeon.
             The game lasted 00:00:32 (264 turns).

LadyOphelia the Chopper (Hill Orc Berserker)         Turns: 264, Time: 00:00:32

Health: 16/20      AC:  2    Str: 19    XL:     1   Next: 90%
Magic:  1/1        EV: 12    Int:  7    God:    Trog [*.....]
Gold:   0          SH:  0    Dex: 10    Spells: 0/0 levels left

rFire   . . .      SeeInvis .   a - +0 hand axe
rCold   . . .      Faith    .   (no shield)
rNeg    . . .      Spirit   .   b - +0 animal skin
rPois   .          Reflect  .   (no helmet)
rElec   .          Harm     .   (no cloak)
rCorr   .          Rampage  .   (no gloves)
Will    .....                   (no boots)
Stlth   +.........              (no amulet)
HPRegen 0.06/turn               (no ring)
MPRegen 0.07/turn               (no ring)

@: no status effects
A: no striking features
a: Renounce Religion, Berserk


You were on level 1 of the Dungeon.
You worshipped Trog.
Trog was aware of your devotion.
You visited 1 branch of the dungeon, and saw 1 of its levels.

Inventory:

Hand Weapons
 a - a +0 hand axe (weapon)
Armour
 b - a +0 animal skin (worn)
Scrolls
 d - a scroll of summoning {unknown}
Potions
 c - a potion of curing {unknown}


   Skills:
 + Level 3.8 Fighting
 + Level 4.2 Axes
 + Level 2.2 Armour
 + Level 1.6 Dodging


You couldn't memorise any spells.
You didn't know any spells.
Your spell library was empty.

Dungeon Overview and Level Annotations

Branches:
Dungeon (1/15)

Altars:


Message History

An endoplasm comes into view.
Things that are here:
a +0 dagger; a goblin corpse An endoplasm is nearby!
The endoplasm freezes you.
You are frozen.
You slash the endoplasm!
You kill the endoplasm!
Trog accepts your kill.
You open the door.
You see here a +0 cloak.
You see here a +0 cloak.
A bat comes into view.
A bat is nearby!
The bat hits you but does no damage.
You barely miss the bat. The bat barely misses you. The bat hits you.
The bat hits you but does no damage.
You completely miss the bat. The bat barely misses you. The bat hits you.
You hit the bat.
The bat is heavily wounded.
The bat barely misses you. The bat closely misses you. x2
You closely miss the bat.
The bat is heavily wounded.
The bat closely misses you. The bat barely misses you.
You miss the bat.
The bat is heavily wounded.
The bat hits you.
You barely miss the bat.
The bat is heavily wounded.
The bat closely misses you. The bat hits you. The bat barely misses you.
The bat barely misses you. x2
Welcome back, LadyOphelia the Hill Orc Berserker.
Trog says: Kill them all!
Press ? for a list of commands and other information.
You hit the bat.
You kill the bat!
Trog accepts your kill.
Unknown command.
Are you sure you want to abandon this character and quit the game? (Confirm with "yes".)

#...#........#########...
#......#.##..# ##..
#............# #..
#..#.....###.# #..
#..#.........# #..
#........##### #..
##.#...#.# #.. ..#.#.#.#
#.. ###.†@#
############.) ........#
#.............
..##....####......######
#.#............# #
#....##.#......# #
####.##.......##
#.##..####'### #.##.
#.#.#♣♣♣♣ #........


There were no monsters in sight!

Vanquished Creatures
  A bat (D:1)
  An endoplasm (D:1)
  2 goblins (D:1)
  A kobold (D:1)
5 creatures vanquished.

Notes
Turn   | Place    | Note
-------+----------+-------------------------------------------
     0 | D:1      | LadyOphelia the Hill Orc Berserker began the quest for the
                  | Orb.
     0 | D:1      | Reached XP level 1. HP: 19/19 MP: 1/1
   264 | D:1      | Quit the game

Illustrated notes

Levels and vault maps discovered:
D:1:      tarquinn_simple_flora_water_b, layout_basic

Action                   || total
-------------------------++-------
Melee: Hand axe          ||    17
Armor: Animal skin       ||     5
Dodge: Dodged            ||    12

Table legend: (Time is in decaauts)
 A = Elapsed time spent in this place.
 B = Non-inter-level travel time spent in this place.
 C = Inter-level travel time spent in this place.
 D = Time resting spent in this place.
 E = Time spent auto-exploring this place.
 F = Levels seen in this place.
 G = Mean time per level.
                   A        B        C        D        E       F      G
               +--------+--------+--------+--------+--------+-----+--------+
         Total |    265 |    265 |      0 |     64 |    151 |   1 |  265.0 |
       Dungeon |    265 |    265 |      0 |     64 |    151 |   1 |  265.0 |
               +--------+--------+--------+--------+--------+-----+--------+

Top non-repeatable levels by time:
     D:1: 265 daAuts
